 Dungeon Crawl Stone Soup version 0.21-a0-442-g848f44b (webtiles) character file.

238 KristoblXynda the Conjurer (level 5, 0/38 HPs)
             Began as a Draconian Conjurer on Nov 16, 2017.
             Slain by an iguana (12 damage)
             ... on level 4 of the Dungeon.
             The game lasted 00:07:00 (3576 turns).

KristoblXynda the Conjurer (Draconian Conjurer)     Turns: 3576, Time: 00:07:01

Health: 0/38       AC:  7    Str: 10    XL:     5   Next: 78%
Magic:  1/11       EV: 12    Int: 17    God:
Gold:   98         SH:  0    Dex: 14    Spells: 6/12 levels left

rFire    . . .     SeeInvis .   o - +1 flail (holy)
rCold    . . .     Gourm    .   (no shield)
rNeg     . . .     Faith    .   (armour unavailable)
rPois    .         Spirit   .   (helmet restricted)
rElec    .         Reflect  .   i - +0 cloak
rCorr    .         Harm     .   (no gloves)
MR       .....                  m - +0 pair of boots
Stlth    ++........             (no amulet)
HPRegen  0.12/turn              k - +3 ring of dexterity
MPRegen  0.12/turn              (no ring)

@: no status effects
A: unfitting armour, cold-blooded, AC +5
a: no special abilities


You were on level 4 of the Dungeon.
You were hungry.

You visited 1 branch of the dungeon, and saw 4 of its levels.

You collected 98 gold pieces.

Inventory:

Hand Weapons
 o - a +1 flail of holy wrath (weapon)
Armour
 i - a +0 cloak (worn)
 m - a +0 pair of boots (worn)
Jewellery
 k - a +3 ring of dexterity (left hand)
Scrolls
 c - a scroll of enchant armour {unknown}
 d - 2 scrolls of teleportation
 f - a scroll of remove curse {unknown}
 g - a scroll of fog {unknown}
 h - 2 scrolls of fear {unknown}
 l - a scroll of random uselessness {unknown}
 n - a scroll of identify
Potions
 e - a potion of curing {unknown}
 j - a potion of heal wounds
 q - a potion of mutation
Books
 a - a book of Conjurations

   Spells                             Type                      Level
   a - Magic Dart                     Conjuration                  1
   b - Searing Ray                    Conjuration                  2
   c - Dazzling Spray                 Conjuration/Hexes            3
   d - Fulminant Prism                Conjuration/Hexes            4
   e - Force Lance                    Conjuration/Translocation    4
   f - Iskenderun's Mystic Blast      Conjuration                  4
Comestibles
 b - 3 bread rations
 p - 2 meat rations


   Skills:
 - Level 1.7 Dodging
 - Level 1.7 Stealth
 + Level 4.2 Spellcasting
 + Level 5.7 Conjurations


You had 6 spell levels left.
You knew the following spells:

 Your Spells              Type           Power        Failure   Level  Hunger
a - Magic Dart            Conj           ###.         1%          1    None
b - Searing Ray           Conj           ###...       2%          2    ##.....
c - Dazzling Spray        Conj/Hex       ##....       14%         3    ###....


Dungeon Overview and Level Annotations

Branches:
Dungeon (4/15)
 Temple: D:4-7

Altars:
Dithmenos
Fedhas
Trog
Xom
Yredelemnul


Innate Abilities, Weirdness & Mutations

Your plain brown scales are hard. (AC +5)
You cannot fit into any form of body armour.
You are cold-blooded and may be slowed by cold attacks.


Message History

You kill the gnoll! (Press . to maintain the ray.)
You completely miss the iguana. The iguana completely misses you.
You closely miss the iguana. The iguana misses you.
The iguana barely misses you.
You barely miss the iguana. The iguana bites you.
* * * LOW HITPOINT WARNING * * *
Casting: Searing Ray
Confirm with . or Enter, or press ? or * to list all spells.
Aiming: Searing Ray
Press: ? - help, Shift-Dir - straight line, f - iguana
Aim: an iguana The searing ray hits the iguana.
The iguana is moderately wounded. (Press . to maintain the ray.)
The iguana misses you.
You hit the iguana but do no damage.
The iguana is moderately wounded.
The iguana bites you!
You die...

## #. #.# # #################
#########.##..
...)............####.........<..#
###############.............<####
#.####.######..# #.####.## #..#
#.@l....# #..# #.......#####..##
#### #...............### ...#
#.......#####...... ##.#######
#.......# #.#.### ....g.gl.#
#.##.##.#####.#.# ##.#####.#
#.............#.### ##.## #.#
#.##.##.#######.... #...####.##
#. #.# #####


You could see an iguana.

Vanquished Creatures
  A bullfrog skeleton (D:4)
  Terence (D:3)
  An iguana (D:3)
  4 gnolls (D:4)
  5 adders
  A worm (D:2)
  A dart slug (D:2)
  3 leopard geckos
  An orc (D:3)
  3 giant cockroaches (D:1)
  5 goblins
  4 hobgoblins
  6 jackals
  5 kobolds
  3 quokkas
  A ball python (D:3)
  3 bats
  6 frilled lizards
  25 rats
79 creatures vanquished.

Notes
Turn   | Place    | Note
-------+----------+-------------------------------------------
     0 | D:1      | KristoblXynda the Draconian Conjurer began the quest for the Orb.
     0 | D:1      | Reached XP level 1. HP: 14/14 MP: 3/3
   339 | D:1      | Reached XP level 2. HP: 20/20 MP: 1/5
   420 | D:1      | Found a basalt altar of Yredelemnul.
   422 | D:1      | Found a glowing silver altar of Zin.
   422 | D:1      | Found a shadowy altar of Dithmenos.
   424 | D:1      | Found a shimmering altar of Xom.
   424 | D:1      | Found a shimmering altar of Xom.
   424 | D:1      | Found a bloodstained altar of Trog.
  1134 | D:2      | Reached XP level 3. HP: 26/26 MP: 0/7
  1858 | D:2      | Reached XP level 4. HP: 31/33 MP: 1/8
  2006 | D:3      | Noticed Terence
  2012 | D:2      | Learned a level 2 spell: Searing Ray
  2073 | D:3      | Killed Terence
  2073 | D:3      | Reached skill level 5 in Conjurations
  2693 | D:3      | Reached XP level 5. HP: 32/38 MP: 10/10
  3274 | D:4      | Learned a level 3 spell: Dazzling Spray
  3294 | D:4      | Found a blossoming altar of Fedhas.
  3576 | D:4      | Slain by an iguana

Vault maps used:
D:1:      dpeg_arrival_radiant, serial_forest, infiniplex_forest_corner_1,
          infiniplex_forest_end_2, infiniplex_forest_clump_medium,
          infiniplex_forest_lined_room_3, infiniplex_forest_clump_tiny,
          infiniplex_forest_end_2, infiniplex_forest_clump_small,
          infiniplex_forest_end_3, doesnt_xom_only_xom
D:2:      kennysheep_generic_room_14
D:3:      minmay_rat_hole, uniq_terence
D:4:      fedhas_altar_1, first_bread

Skill      XL: |  1  2  3  4  5 |
---------------+----------------+-----
Spellcasting   | 3 4 |  4.2
Conjurations   | 5 |  5.7
Dodging        | |  1.7
Stealth        | |  1.7

Action                   |  1- 3 |  4- 6 || total
-------------------------+-------+-------++-------
Melee: Unarmed           |    49 |    18 ||    67
       Tailslap          |     9 |     9 ||    18
       Flail             |       |    94 ||    94
 Cast: Magic Dart        |    71 |     4 ||    75
       Searing Ray       |       |    22 ||    22
  Use: Scroll            |       |     4 ||     4
       Potion            |       |     1 ||     1
 Stab: Sleeping          |     1 |     6 ||     7
  Eat: Chunk             |     3 |     6 ||     9
Armor: Skin              |    27 |    53 ||    80
Dodge: Dodged            |    35 |   116 ||   151

Table legend:
 A = Spawn XP
 B = Non-spawn XP
 C = Spawn XP percentage of total XP
 D = Spawn monster count
 E = Non-spawn monster count
 F = Spawn count percentage of total count
 G = Total turns spent on level
                    A         B        C        D         E        F      G
               +---------+---------+-------+---------+---------+-------+---------
         Total |       0 |     340 |   0.0 |       0 |      79 |   0.0 |  3576
               +---------+---------+-------+---------+---------+-------+---------
           D:1 |       0 |      21 |   0.0 |       0 |      13 |   0.0 |  1093
           D:2 |       0 |      79 |   0.0 |       0 |      24 |   0.0 |   918
           D:3 |       0 |     142 |   0.0 |       0 |      36 |   0.0 |  1256
           D:4 |       0 |      98 |   0.0 |       0 |       6 |   0.0 |   309
               +---------+---------+-------+---------+---------+-------+---------
